Avalanche vs Panthers
(R1)
Created - November 20, 2018 at 22:34
Goals
|
| Avalanche |
0 |
2 |
0 |
2 |
| Panthers |
2 |
1 |
1 |
4 |
|
Shots
|
| Avalanche |
13 |
21 |
4 |
38 |
| Panthers |
10 |
11 |
13 |
34 |
|
1st period
1. Panthers , Kyle Clifford 7 (Alex Galchenyuk 6, Erik Christensen 1) at 13:55
2. Panthers , Erik Christensen 3 (Drew Stafford 2, Alex Galchenyuk 7) at 16:52
Penalties :
Drew Stafford (Flo) for Hooking (Minor) at 4:59
2nd period
3. Panthers , Erik Christensen 4 (Alex Galchenyuk 8, Drew Stafford 3) at 14:36 (PP)
4. Avalanche , Bryan Little 10 (Mikkel Boedker 17, Patric Hornqvist 11) at 14:57
5. Avalanche , Mikkel Boedker 12 (Bryan Little 16, Dan Boyle 4) at 15:50
Penalties :
Andrew Ladd (Col) for Hooking (Minor) at 14:29, Mike Weber (Flo) for Holding (Minor) at 16:35
3rd period
6. Panthers , Alexander Perezhogin 4 (Mike Komisarek 5, Erik Gudbranson 10) at 12:45
Penalties :
Jay Bouwmeester (Col) for Tripping (Minor) at 2:19, Erik Christensen (Flo) for Elbowing (Minor) at 5:23, Dan Boyle (Col) for Cross-checking (Minor) at 7:53, Andrei Kostitsyn (Col) for Holding (Minor) at 13:08, Andrei Kostitsyn (Col) for Holding (Minor) at 17:53
Goalie Stats
Semyon Varlamov (Col), 30 saves from 34 shots - (0.882), L, 6-5-0, 60:00 minutes
Antti Niemi (Flo), 36 saves from 38 shots - (0.947), W, 4-5-4, 60:00 minutes
Players Stats for Avalanche
Player Name G A P +/- PIM S H SB GA TA FO MP PP MP PK MP
------------------------------------------------------------------------------------
Alexander Radulov 0 0 0 0 0 3 0 1 0 0 0/1 17:25 2:36 0:00
Andrei Kostitsyn 0 0 0 0 4 5 6 1 1 0 0/0 19:12 2:36 0:53
Andrew Ladd 0 0 0 0 2 1 0 0 1 2 3/6 12:42 0:04 4:18
Brandon Yip 0 0 0 0 0 1 1 0 0 0 0/0 10:07 0:04 1:54
Bryan Little 1 1 2 0 0 8 0 0 1 0 13/27 18:00 3:17 0:00
Chuck Kobasew 0 0 0 -1 0 2 0 0 0 0 1/1 11:36 0:00 4:25
Dan Boyle 0 1 1 -1 2 1 0 1 0 0 0/0 12:28 0:00 0:00
Greg Campbell 0 0 0 0 0 0 2 0 1 0 2/4 11:15 0:00 2:36
Jack Johnson 0 0 0 0 0 0 2 3 1 1 0/0 25:34 3:25 3:21
Jay Bouwmeester 0 0 0 0 2 2 0 0 0 1 0/0 19:22 3:25 0:00
Johnny Boychuk 0 0 0 -1 0 2 1 1 1 0 0/0 15:07 0:00 3:21
Kyle Turris 0 0 0 -1 0 1 0 0 0 0 1/3 8:44 0:00 1:09
Marc Staal 0 0 0 0 0 2 1 1 0 0 0/0 22:38 2:32 4:42
Mikkel Boedker 1 1 2 0 0 7 2 2 0 1 0/1 18:00 3:17 0:00
Patric Hornqvist 0 1 1 0 0 0 1 0 1 0 1/4 18:00 3:17 0:00
Paul Stastny 0 0 0 0 0 1 1 0 0 0 14/24 17:25 2:36 0:00
Pernell Karl Subban 0 0 0 0 0 0 2 1 1 1 0/0 25:33 2:32 4:42
Zach Boychuk 0 0 0 -1 0 2 1 0 0 0 1/1 8:44 0:04 0:51
Players Stats for Panthers
Player Name G A P +/- PIM S H SB GA TA FO MP PP MP PK MP
------------------------------------------------------------------------------------
Alex Galchenyuk 0 3 3 0 0 2 1 1 1 0 0/2 22:21 3:59 1:39
Alexander Perezhogin 1 0 1 1 0 3 1 0 0 1 0/2 9:57 0:05 1:49
Cédric Lalonde-McNicoll 0 0 0 0 0 0 2 1 0 0 1/6 9:12 0:00 0:00
Daniel Sedin 0 0 0 1 0 2 0 0 1 1 0/1 7:28 0:05 0:00
Drew Stafford 0 2 2 0 2 5 3 1 1 0 1/1 22:46 4:13 2:12
Eric Wellwood 0 0 0 0 0 2 0 0 0 0 0/0 10:18 0:19 0:09
Erik Christensen 2 1 3 0 2 5 1 1 0 0 23/37 22:55 4:13 1:58
Erik Gudbranson 0 1 1 1 0 0 2 7 1 1 0/0 28:41 4:43 3:51
Jean-Gabriel Pageau 0 0 0 0 0 0 1 1 0 0 8/16 18:27 3:45 2:22
Jonathan Matsumoto 0 0 0 1 0 1 1 0 0 0 2/3 8:18 0:00 0:31
Jonathan Sigalet 0 0 0 0 0 1 2 1 0 0 0/0 20:17 4:11 2:06
Kyle Clifford 1 0 1 0 0 2 0 1 1 0 0/0 17:19 3:45 1:14
Mike Komisarek 0 1 1 1 0 2 0 1 0 4 0/0 28:22 3:20 3:51
Mike Weber 0 0 0 0 2 2 1 0 0 1 0/0 11:22 0:32 0:00
Patrick Eaves 0 0 0 0 0 2 0 1 1 0 0/1 9:12 0:00 0:00
Radko Gudas 0 0 0 0 0 4 1 1 0 0 0/0 20:30 3:20 2:06
Tomas Kopecky 0 0 0 0 0 0 3 0 0 0 1/3 15:46 3:45 0:00
William Colbert 0 0 0 0 0 1 3 1 0 0 0/0 10:49 0:00 0:00
3 Stars
1 - Erik Christensen (Flo)
2 - Antti Niemi (Flo)
3 - Alex Galchenyuk (Flo)
Power Play
Avalanche - 0 on 3 Attempt(s) - 0.00%
Panthers - 1 on 5 Attempt(s) - 20.00%
Penalty Kill
Avalanche - 4 on 5 Attempt(s) - 80.00%
- Score 0 goal in Penalty Kill
Panthers - 3 on 3 Attempt(s) - 100.00%
- Score 0 goal in Penalty Kill
Team Stat
Avalanche - Hits : 20 - Faceoff Wins : 36 - Blocked Shots : 11 - Penalty Minutes : 10
Panthers - Hits : 22 - Faceoff Wins : 36 - Blocked Shots : 18 - Penalty Minutes : 6
Official
Referees : Unknown
Linesman : Unknown
Game Notes
No Game Note
Finance
Level 1 -- Attendance: 5452 (90.87%) -- Ticket Income $479,776
Level 2 -- Attendance: 4490 (89.80%) -- Ticket Income $246,950
Level 3 -- Attendance: 1265 (63.25%) -- Ticket Income $63,250
Level 4 -- Attendance: 2516 (62.90%) -- Ticket Income $80,512
Luxury Box -- Attendance: 973 (97.30%) -- Ticket Income $141,085
Game was played at the Bank Atlantic Cente.
Total Attendance: 14696 (81.64%)
Total Ticket Income: $1,011,573
Other Income: $151,736
Total Income: $1,163,309
Avalanche
5 vs 5 Forward
Center Left Wing Right Wing Time % Phy DF OF
1 Bryan Little Mikkel Boedker Patric Hornqvist 35 1 2 2
2 Paul Stastny Andrei Kostitsyn Alexander Radulov 35 1 2 2
3 Greg Campbell Andrew Ladd Brandon Yip 20 1 2 2
4 Kyle Turris Zach Boychuk Chuck Kobasew 10 1 2 2
5 vs 5 Defense
Defense Defense Time % Phy DF OF
1 Pernell Karl Subban Jack Johnson 40 1 2 2
2 Jay Bouwmeester Marc Staal 35 1 2 2
3 Johnny Boychuk Dan Boyle 25 1 2 2
4 Marc Staal Jack Johnson 0 1 2 2
PowerPlay Forward
Center Left Wing Right Wing Time % Phy DF OF
1 Bryan Little Mikkel Boedker Patric Hornqvist 60 1 2 2
2 Paul Stastny Andrei Kostitsyn Alexander Radulov 40 1 2 2
PowerPlay Defense
Defense Defense Time % Phy DF OF
1 Jay Bouwmeester Jack Johnson 60 1 2 2
2 Pernell Karl Subban Marc Staal 40 1 2 2
Penalty Kill 4 Players Forward
Center Wing Time % Phy DF OF
1 Andrew Ladd Chuck Kobasew 60 1 2 2
2 Greg Campbell Brandon Yip 40 1 2 2
Penalty Kill 4 Players Defense
Defense Defense Time % Phy DF OF
1 Marc Staal Pernell Karl Subban 60 1 2 2
2 Jack Johnson Johnny Boychuk 40 1 2 2
Penalty Kill - 3 Players Forward
Forward Time % Phy DF OF
1 Chuck Kobasew 60 1 2 2
2 Andrew Ladd 40 1 2 2
Penalty Kill - 3 Players Defense
Defense Defense Time % Phy DF OF
1 Marc Staal Jack Johnson 60 1 2 2
2 Pernell Karl Subban Johnny Boychuk 40 1 2 2
4 vs 4 Forward
Center Wing Time % Phy DF OF
1 Patric Hornqvist Mikkel Boedker 60 1 2 2
2 Bryan Little Andrei Kostitsyn 40 1 2 2
4 vs 4 Defense
Defense Defense Time % Phy DF OF
1 Marc Staal Jack Johnson 60 1 2 2
2 Pernell Karl Subban Johnny Boychuk 40 1 2 2
Last Minutes Offensive
Center Left Wing Right Wing Defense Defense
Bryan Little Mikkel Boedker Patric Hornqvist Marc Staal Jack Johnson
Last Minutes Defensive
Center Left Wing Right Wing Defense Defense
Bryan Little Andrew Ladd Chuck Kobasew Marc Staal Jack Johnson
Goaltenders
Starting : Semyon Varlamov
Backup : Roberto Luongo
Extra Forwards
Normal : Andrew Ladd, Alexander Radulov, Greg Campbell - PP : Andrew Ladd, Alexander Radulov - PK : Greg Campbell
Extra Defensemen
Normal : Jay Bouwmeester, Dan Boyle, Pernell Karl Subban - PP : Jay Bouwmeester - PK : Jay Bouwmeester, Pernell Karl Subban
Penalty Shots
Mikkel Boedker, Patric Hornqvist, Kyle Turris, Bryan Little, Andrei Kostitsyn
Scratches
None
Panthers
5 vs 5 Forward
Center Left Wing Right Wing Time % Phy DF OF
1 Erik Christensen Alex Galchenyuk Drew Stafford 40 1 2 2
2 Jean-Gabriel Pageau Kyle Clifford Tomas Kopecky 30 1 2 2
3 Cédric Lalonde-McNicoll Eric Wellwood Patrick Eaves 20 1 2 2
4 Jonathan Matsumoto Daniel Sedin Alexander Perezhogin 10 1 2 2
5 vs 5 Defense
Defense Defense Time % Phy DF OF
1 Erik Gudbranson Mike Komisarek 40 1 2 2
2 Jonathan Sigalet Radko Gudas 30 1 2 2
3 Mike Weber William Colbert 20 1 2 2
4 Erik Gudbranson Mike Komisarek 10 1 2 2
PowerPlay Forward
Center Left Wing Right Wing Time % Phy DF OF
1 Erik Christensen Alex Galchenyuk Drew Stafford 60 1 2 2
2 Jean-Gabriel Pageau Kyle Clifford Tomas Kopecky 40 1 2 2
PowerPlay Defense
Defense Defense Time % Phy DF OF
1 Erik Gudbranson Jonathan Sigalet 60 1 2 2
2 Radko Gudas Mike Komisarek 40 1 2 2
Penalty Kill 4 Players Forward
Center Wing Time % Phy DF OF
1 Erik Christensen Drew Stafford 60 1 2 2
2 Jean-Gabriel Pageau Kyle Clifford 40 1 2 2
Penalty Kill 4 Players Defense
Defense Defense Time % Phy DF OF
1 Erik Gudbranson Mike Komisarek 60 1 2 2
2 Jonathan Sigalet Radko Gudas 40 1 2 2
Penalty Kill - 3 Players Forward
Forward Time % Phy DF OF
1 Erik Christensen 60 1 2 2
2 Drew Stafford 40 1 2 2
Penalty Kill - 3 Players Defense
Defense Defense Time % Phy DF OF
1 Erik Gudbranson Mike Komisarek 60 1 2 2
2 Jonathan Sigalet Radko Gudas 40 1 2 2
4 vs 4 Forward
Center Wing Time % Phy DF OF
1 Erik Christensen Alex Galchenyuk 60 1 2 2
2 Jean-Gabriel Pageau Kyle Clifford 40 1 2 2
4 vs 4 Defense
Defense Defense Time % Phy DF OF
1 Erik Gudbranson Mike Komisarek 60 1 2 2
2 Jonathan Sigalet Radko Gudas 40 1 2 2
Last Minutes Offensive
Center Left Wing Right Wing Defense Defense
Erik Christensen Alex Galchenyuk Drew Stafford Erik Gudbranson Mike Komisarek
Last Minutes Defensive
Center Left Wing Right Wing Defense Defense
Erik Christensen Kyle Clifford Drew Stafford Erik Gudbranson Mike Komisarek
Goaltenders
Starting : Antti Niemi
Backup : Petr Mrazek
Extra Forwards
Normal : Jean-Gabriel Pageau, Erik Christensen, Kyle Clifford - PP : Eric Wellwood, Kyle Clifford - PK : Alexander Perezhogin
Extra Defensemen
Normal : Jonathan Sigalet, Erik Gudbranson, Radko Gudas - PP : Mike Weber - PK : Jonathan Sigalet, Erik Gudbranson
Penalty Shots
Alex Galchenyuk, Daniel Sedin, Drew Stafford, Erik Christensen, Kyle Clifford
Scratches
Brayden Schenn (Bruised Left Shoulder Injury), Matthew Spiller (Healthy), Nigel Dawes (Healthy)
% Time on Ice - Avalanche
Lines # - Real PCT - Wanted PCT - Time Play
Normal Forward
1 - 35% - 35% - 16:05
2 - 33% - 35% - 15:00
3 - 17% - 20% - 7:44
4 - 16% - 10% - 7:11
Normal Defense
1 - 40% - 40% - 18:28
2 - 37% - 35% - 16:49
3 - 23% - 25% - 10:43
4 - 0% - 0% - 0:00
PP Forward
1 - 56% - 60% - 3:21
2 - 44% - 40% - 2:36
PP Defense
1 - 57% - 60% - 3:25
2 - 43% - 40% - 2:32
PK Forward
1 - 76% - 60% - 6:09
2 - 24% - 40% - 1:54
PK Defense
1 - 58% - 60% - 4:42
2 - 42% - 40% - 3:21
PK3 Forward
1 - 0% - 60%
2 - 0% - 40%
PK3 Defense
1 - 0% - 60%
2 - 0% - 40%
44 Forward
1 - 0% - 60%
2 - 0% - 40%
44 Defense
1 - 0% - 60%
2 - 0% - 40%
Last Minute Offensive - 0:00
Last Minute Defensive - 0:00
Total
Forward - 60:00
Defense - 60:00
|
% Time on Ice - Panthers
Lines # - Real PCT - Wanted PCT - Time Play
Normal Forward
1 - 36% - 40% - 16:43
2 - 28% - 30% - 13:00
3 - 20% - 20% - 9:12
4 - 15% - 10% - 7:05
Normal Defense
1 - 39% - 40% - 17:45
2 - 33% - 30% - 15:04
3 - 24% - 20% - 10:49
4 - 5% - 10% - 2:22
PP Forward
1 - 53% - 60% - 4:18
2 - 47% - 40% - 3:45
PP Defense
1 - 59% - 60% - 4:43
2 - 41% - 40% - 3:20
PK Forward
1 - 79% - 60% - 4:43
2 - 21% - 40% - 1:14
PK Defense
1 - 65% - 60% - 3:51
2 - 35% - 40% - 2:06
PK3 Forward
1 - 0% - 60%
2 - 0% - 40%
PK3 Defense
1 - 0% - 60%
2 - 0% - 40%
44 Forward
1 - 0% - 60%
2 - 0% - 40%
44 Defense
1 - 0% - 60%
2 - 0% - 40%
Last Minute Offensive - 0:00
Last Minute Defensive - 0:00
Total
Forward - 60:00
Defense - 60:00
|
Play by Play
1st period
0:01 of 1st period - Erik Christensen wins face-off versus Bryan Little in neutral zone.
0:33 of 1st period - Slapshot by Erik Gudbranson.
0:33 of 1st period - Deflect By Tomas Kopecky.
0:33 of 1st period - Shot Misses the Net.
0:33 of 1st period - Puck is out of play.
0:34 of 1st period - Jean-Gabriel Pageau wins face-off versus Greg Campbell in Avalanche zone.
0:59 of 1st period - Alexander Radulov is hit by Cédric Lalonde-McNicoll and loses puck.
2:00 of 1st period - Mike Weber is hit by Brandon Yip and loses puck.
3:09 of 1st period - Icing by Mike Komisarek.
3:10 of 1st period - Jean-Gabriel Pageau wins face-off versus Alexander Radulov in Panthers zone.
3:43 of 1st period - Mike Komisarek is hit by Johnny Boychuk and loses puck.
3:50 of 1st period - Backhand shot by Andrew Ladd.
3:50 of 1st period - Shot Misses the Net.
4:14 of 1st period - Wrist shot by Bryan Little.
4:14 of 1st period - Shot Hit the Post.
4:26 of 1st period - Wrist shot by Alex Galchenyuk.
4:26 of 1st period - Deflect By Cédric Lalonde-McNicoll.
4:26 of 1st period - Shot Misses the Net.
4:26 of 1st period - Puck is out of play.
4:27 of 1st period - Cédric Lalonde-McNicoll wins face-off versus Kyle Turris in Avalanche zone.
4:28 of 1st period - Backhand shot by Patrick Eaves.
4:28 of 1st period - Deflect By Eric Wellwood.
4:28 of 1st period - Stopped by Semyon Varlamov without a rebound.
4:29 of 1st period - Zach Boychuk wins face-off versus Cédric Lalonde-McNicoll in Avalanche zone.
4:35 of 1st period - Off-side.
4:36 of 1st period - Erik Christensen wins face-off versus Bryan Little in neutral zone.
4:59 of 1st period - Minor Penalty to Drew Stafford for Hooking.
5:00 of 1st period - Erik Christensen wins face-off versus Bryan Little in Panthers zone.
5:00 of 1st period - Erik Christensen is hit by Patric Hornqvist.
5:40 of 1st period - Snap shot by Andrei Kostitsyn.
5:40 of 1st period - Shot Blocked by Mike Komisarek.
6:05 of 1st period - Snap shot by Andrei Kostitsyn.
6:05 of 1st period - Stopped by Antti Niemi with a rebound.
6:11 of 1st period - Andrei Kostitsyn is hit by Jonathan Sigalet and loses puck.
6:24 of 1st period - Snap shot by Mikkel Boedker.
6:24 of 1st period - Shot Misses the Net.
6:59 of 1st period - Penalty to Drew Stafford is over, Drew Stafford is back on ice.
7:17 of 1st period - Snap shot by Drew Stafford.
7:17 of 1st period - Stopped by Semyon Varlamov without a rebound.
7:18 of 1st period - Chuck Kobasew wins face-off versus Cédric Lalonde-McNicoll in Avalanche zone.
8:34 of 1st period - Wrist shot by Mikkel Boedker.
8:34 of 1st period - Stopped by Antti Niemi with a rebound.
8:36 of 1st period - Snap shot by Mikkel Boedker.
8:36 of 1st period - Shot Hit the Post.
8:38 of 1st period - Wrist shot by Bryan Little.
8:38 of 1st period - Shot Misses the Net.
8:52 of 1st period - Slapshot by Tomas Kopecky.
8:52 of 1st period - Shot Misses the Net.
9:33 of 1st period - Snap shot by Andrei Kostitsyn.
9:33 of 1st period - Shot Blocked by Erik Gudbranson.
9:35 of 1st period - Slapshot by Johnny Boychuk.
9:35 of 1st period - Stopped by Antti Niemi with a rebound.
9:37 of 1st period - Snap shot by Alexander Radulov.
9:37 of 1st period - Shot Blocked by Erik Gudbranson.
9:49 of 1st period - Pernell Karl Subban is hit by Erik Gudbranson and loses puck.
10:33 of 1st period - Jack Johnson is hit by Jonathan Matsumoto and loses puck.
11:02 of 1st period - Icing by Alex Galchenyuk.
11:03 of 1st period - Paul Stastny wins face-off versus Erik Christensen in Panthers zone.
11:16 of 1st period - Slapshot by Alexander Radulov.
11:16 of 1st period - Stopped by Antti Niemi without a rebound.
11:17 of 1st period - Tomas Kopecky wins face-off versus Bryan Little in Panthers zone.
11:32 of 1st period - Slapshot by Bryan Little.
11:32 of 1st period - Stopped by Antti Niemi with a rebound.
12:12 of 1st period - Slapshot by Brandon Yip.
12:12 of 1st period - Shot Blocked by Cédric Lalonde-McNicoll.
12:26 of 1st period - Pernell Karl Subban is hit by Alexander Perezhogin.
12:49 of 1st period - Snap shot by Paul Stastny.
12:49 of 1st period - Stopped by Antti Niemi without a rebound.
12:50 of 1st period - Paul Stastny wins face-off versus Alex Galchenyuk in Panthers zone.
12:51 of 1st period - Slapshot by Andrei Kostitsyn.
12:51 of 1st period - Stopped by Antti Niemi without a rebound.
12:52 of 1st period - Erik Christensen wins face-off versus Paul Stastny in Panthers zone.
13:03 of 1st period - Slapshot by Drew Stafford.
13:03 of 1st period - Shot Misses the Net.
13:05 of 1st period - Snap shot by Drew Stafford.
13:05 of 1st period - Stopped by Semyon Varlamov without a rebound.
13:06 of 1st period - Bryan Little wins face-off versus Erik Christensen in Avalanche zone.
13:17 of 1st period - Alex Galchenyuk is hit by Pernell Karl Subban and loses puck.
13:25 of 1st period - Icing by Erik Christensen.
13:26 of 1st period - Erik Christensen wins face-off versus Paul Stastny in Panthers zone.
13:55 of 1st period - Snap shot by Alex Galchenyuk.
13:55 of 1st period - Deflect By Kyle Clifford.
13:55 of 1st period - Goal by Kyle Clifford - Avalanche : 0 - Panthers : 1.
13:56 of 1st period - Erik Christensen wins face-off versus Bryan Little in neutral zone.
13:58 of 1st period - Off-side.
13:59 of 1st period - Drew Stafford wins face-off versus Patric Hornqvist in neutral zone.
14:02 of 1st period - Pernell Karl Subban is hit by Erik Christensen and loses puck.
14:09 of 1st period - Backhand shot by Erik Christensen.
14:09 of 1st period - Stopped by Semyon Varlamov with a rebound.
14:24 of 1st period - Off-side.
14:25 of 1st period - Jean-Gabriel Pageau wins face-off versus Paul Stastny in neutral zone.
14:42 of 1st period - Johnny Boychuk is hit by Tomas Kopecky and loses puck.
14:55 of 1st period - Slapshot by Jack Johnson.
14:55 of 1st period - Shot Blocked by Radko Gudas.
15:05 of 1st period - Snap shot by Eric Wellwood.
15:05 of 1st period - Shot Misses the Net.
15:26 of 1st period - Wrist shot by Mikkel Boedker.
15:26 of 1st period - Deflect By Bryan Little.
15:26 of 1st period - Shot Blocked by Erik Gudbranson.
15:26 of 1st period - Puck is out of play.
15:27 of 1st period - Paul Stastny wins face-off versus Jean-Gabriel Pageau in Panthers zone.
15:28 of 1st period - Wrist shot by Alexander Radulov.
15:28 of 1st period - Shot Misses the Net.
15:30 of 1st period - Snap shot by Alexander Radulov.
15:30 of 1st period - Shot Misses the Net.
15:32 of 1st period - Slapshot by Jay Bouwmeester.
15:32 of 1st period - Stopped by Antti Niemi with a rebound.
15:34 of 1st period - Snap shot by Andrei Kostitsyn.
15:34 of 1st period - Stopped by Antti Niemi with a rebound.
16:04 of 1st period - Marc Staal is hit by Drew Stafford.
16:14 of 1st period - Wrist shot by Jonathan Matsumoto.
16:14 of 1st period - Shot Misses the Net.
16:18 of 1st period - Snap shot by Alexander Perezhogin.
16:18 of 1st period - Stopped by Semyon Varlamov with a rebound.
16:20 of 1st period - Snap shot by Jonathan Matsumoto.
16:20 of 1st period - Shot Misses the Net.
16:22 of 1st period - Wrist shot by Daniel Sedin.
16:22 of 1st period - Stopped by Semyon Varlamov without a rebound.
16:23 of 1st period - Paul Stastny wins face-off versus Erik Christensen in Avalanche zone.
16:23 of 1st period - Paul Stastny is hit by Jonathan Sigalet.
16:42 of 1st period - Icing by Erik Christensen.
16:43 of 1st period - Erik Christensen wins face-off versus Bryan Little in Panthers zone.
16:52 of 1st period - Wrist shot by Erik Christensen.
16:52 of 1st period - Goal by Erik Christensen - Avalanche : 0 - Panthers : 2.
16:53 of 1st period - Paul Stastny wins face-off versus Jean-Gabriel Pageau in neutral zone.
17:02 of 1st period - Jean-Gabriel Pageau is hit by Andrei Kostitsyn and loses puck.
17:46 of 1st period - Slapshot by Andrew Ladd.
17:46 of 1st period - Shot Misses the Net.
17:48 of 1st period - Slapshot by Dan Boyle.
17:48 of 1st period - Stopped by Antti Niemi without a rebound.
17:49 of 1st period - Jean-Gabriel Pageau wins face-off versus Paul Stastny in Panthers zone.
18:58 of 1st period - Zach Boychuk is hit by Radko Gudas and loses puck.
19:03 of 1st period - Snap shot by Daniel Sedin.
19:03 of 1st period - Stopped by Semyon Varlamov without a rebound.
19:04 of 1st period - Paul Stastny wins face-off versus Erik Christensen in Avalanche zone.
19:13 of 1st period - Snap shot by Andrei Kostitsyn.
19:13 of 1st period - Stopped by Antti Niemi without a rebound.
19:14 of 1st period - Paul Stastny wins face-off versus Erik Christensen in Panthers zone.
19:23 of 1st period - Snap shot by Andrei Kostitsyn.
19:23 of 1st period - Stopped by Antti Niemi without a rebound.
19:24 of 1st period - Jean-Gabriel Pageau wins face-off versus Patric Hornqvist in Panthers zone.
19:26 of 1st period - Icing by Erik Gudbranson.
19:27 of 1st period - Bryan Little wins face-off versus Jean-Gabriel Pageau in Panthers zone.
19:36 of 1st period - Snap shot by Mikkel Boedker.
19:36 of 1st period - Stopped by Antti Niemi without a rebound.
19:37 of 1st period - Erik Christensen wins face-off versus Bryan Little in Panthers zone.
19:37 of 1st period - Erik Christensen is hit by Jack Johnson.
19:51 of 1st period - Snap shot by Erik Christensen.
19:51 of 1st period - Stopped by Semyon Varlamov with a rebound.
19:53 of 1st period - Slapshot by Mike Komisarek.
19:53 of 1st period - Shot Blocked by Mikkel Boedker.
Goals for this period are 0 for Avalanche vs 2 for Panthers.
Shots for this period are 13 for Avalanche vs 10 for Panthers.
2nd period
0:01 of 2nd period - Paul Stastny wins face-off versus Jean-Gabriel Pageau in neutral zone.
0:10 of 2nd period - Wrist shot by Paul Stastny.
0:10 of 2nd period - Shot Blocked by Jean-Gabriel Pageau.
0:12 of 2nd period - Snap shot by Alexander Radulov.
0:12 of 2nd period - Stopped by Antti Niemi with a rebound.
0:58 of 2nd period - Snap shot by Bryan Little.
0:58 of 2nd period - Stopped by Antti Niemi with a rebound.
1:10 of 2nd period - Jonathan Sigalet is hit by Andrei Kostitsyn and loses puck.
1:23 of 2nd period - Slapshot by Tomas Kopecky.
1:23 of 2nd period - Shot Hit the Post.
1:42 of 2nd period - Slapshot by Kyle Clifford.
1:42 of 2nd period - Shot Blocked by Pernell Karl Subban.
1:44 of 2nd period - Slapshot by Radko Gudas.
1:44 of 2nd period - Stopped by Semyon Varlamov without a rebound.
1:45 of 2nd period - Bryan Little wins face-off versus Erik Christensen in Avalanche zone.
2:02 of 2nd period - Snap shot by Bryan Little.
2:02 of 2nd period - Shot Misses the Net.
2:12 of 2nd period - Snap shot by Jack Johnson.
2:12 of 2nd period - Shot Blocked by Erik Christensen.
2:37 of 2nd period - Andrew Ladd is hit by Cédric Lalonde-McNicoll and loses puck.
2:56 of 2nd period - Alexander Radulov is hit by William Colbert and loses puck.
3:30 of 2nd period - Slapshot by Jay Bouwmeester.
3:30 of 2nd period - Shot Misses the Net.
3:46 of 2nd period - Slapshot by Marc Staal.
3:46 of 2nd period - Shot Blocked by Jonathan Sigalet.
3:54 of 2nd period - Snap shot by Greg Campbell.
3:54 of 2nd period - Deflect By Brandon Yip.
3:54 of 2nd period - Stopped by Antti Niemi without a rebound.
3:55 of 2nd period - Bryan Little wins face-off versus Jonathan Matsumoto in Panthers zone.
4:12 of 2nd period - Wrist shot by Mikkel Boedker.
4:12 of 2nd period - Stopped by Antti Niemi with a rebound.
4:36 of 2nd period - Drew Stafford is hit by Andrei Kostitsyn and loses puck.
4:51 of 2nd period - Kyle Turris is hit by William Colbert and loses puck.
5:08 of 2nd period - Wrist shot by Drew Stafford.
5:08 of 2nd period - Stopped by Semyon Varlamov with a rebound.
5:22 of 2nd period - Slapshot by Dan Boyle.
5:22 of 2nd period - Shot Misses the Net.
5:24 of 2nd period - Snap shot by Chuck Kobasew.
5:24 of 2nd period - Deflect By Zach Boychuk.
5:24 of 2nd period - Shot Misses the Net.
5:24 of 2nd period - Puck is out of play.
5:25 of 2nd period - Bryan Little wins face-off versus Cédric Lalonde-McNicoll in Panthers zone.
5:26 of 2nd period - Snap shot by Mikkel Boedker.
5:26 of 2nd period - Deflect By Bryan Little.
5:26 of 2nd period - Stopped by Antti Niemi with a rebound.
5:38 of 2nd period - Snap shot by Patric Hornqvist.
5:38 of 2nd period - Shot Blocked by Erik Gudbranson.
5:49 of 2nd period - Icing by Cédric Lalonde-McNicoll.
5:50 of 2nd period - Paul Stastny wins face-off versus Cédric Lalonde-McNicoll in Panthers zone.
6:45 of 2nd period - Slapshot by Jean-Gabriel Pageau.
6:45 of 2nd period - Shot Misses the Net.
6:47 of 2nd period - Snap shot by Jean-Gabriel Pageau.
6:47 of 2nd period - Shot Misses the Net.
6:49 of 2nd period - Wrist shot by Jean-Gabriel Pageau.
6:49 of 2nd period - Shot Misses the Net.
7:24 of 2nd period - Snap shot by Mikkel Boedker.
7:24 of 2nd period - Shot Blocked by Alex Galchenyuk.
7:46 of 2nd period - Slapshot by Jean-Gabriel Pageau.
7:46 of 2nd period - Shot Misses the Net.
8:50 of 2nd period - Wrist shot by Chuck Kobasew.
8:50 of 2nd period - Stopped by Antti Niemi without a rebound.
8:51 of 2nd period - Jonathan Matsumoto wins face-off versus Kyle Turris in Panthers zone.
8:56 of 2nd period - Mike Komisarek is hit by Zach Boychuk and loses puck.
9:25 of 2nd period - Wrist shot by Kyle Turris.
9:25 of 2nd period - Stopped by Antti Niemi with a rebound.
9:42 of 2nd period - Backhand shot by Zach Boychuk.
9:42 of 2nd period - Shot Misses the Net.
9:44 of 2nd period - Slapshot by Jay Bouwmeester.
9:44 of 2nd period - Shot Blocked by Erik Gudbranson.
9:52 of 2nd period - Snap shot by Zach Boychuk.
9:52 of 2nd period - Shot Misses the Net.
9:56 of 2nd period - Snap shot by Zach Boychuk.
9:56 of 2nd period - Stopped by Antti Niemi without a rebound.
9:57 of 2nd period - Erik Christensen wins face-off versus Paul Stastny in Panthers zone.
10:16 of 2nd period - Icing by Radko Gudas.
10:17 of 2nd period - Bryan Little wins face-off versus Erik Christensen in Panthers zone.
10:20 of 2nd period - Snap shot by Bryan Little.
10:20 of 2nd period - Stopped by Antti Niemi without a rebound.
10:21 of 2nd period - Bryan Little wins face-off versus Erik Christensen in Panthers zone.
10:24 of 2nd period - Snap shot by Mikkel Boedker.
10:24 of 2nd period - Stopped by Antti Niemi with a rebound.
10:26 of 2nd period - Slapshot by Marc Staal.
10:26 of 2nd period - Shot Misses the Net.
10:57 of 2nd period - Paul Stastny is hit by Tomas Kopecky and loses puck.
11:12 of 2nd period - Wrist shot by Kyle Turris.
11:12 of 2nd period - Deflect By Zach Boychuk.
11:12 of 2nd period - Stopped by Antti Niemi without a rebound.
11:13 of 2nd period - Kyle Turris wins face-off versus Patrick Eaves in Panthers zone.
11:20 of 2nd period - Slapshot by Patrick Eaves.
11:20 of 2nd period - Stopped by Semyon Varlamov without a rebound.
11:21 of 2nd period - Erik Christensen wins face-off versus Bryan Little in Avalanche zone.
11:26 of 2nd period - Slapshot by Drew Stafford.
11:26 of 2nd period - Shot Blocked by Jack Johnson.
11:28 of 2nd period - Snap shot by Radko Gudas.
11:28 of 2nd period - Shot Blocked by Mikkel Boedker.
11:48 of 2nd period - Slapshot by Alex Galchenyuk.
11:48 of 2nd period - Stopped by Semyon Varlamov with a rebound.
11:50 of 2nd period - Slapshot by Radko Gudas.
11:50 of 2nd period - Stopped by Semyon Varlamov with a rebound.
11:52 of 2nd period - Slapshot by Jonathan Sigalet.
11:52 of 2nd period - Shot Blocked by Andrei Kostitsyn.
11:54 of 2nd period - Slapshot by Radko Gudas.
11:54 of 2nd period - Stopped by Semyon Varlamov without a rebound.
11:55 of 2nd period - Paul Stastny wins face-off versus Jean-Gabriel Pageau in Avalanche zone.
12:49 of 2nd period - Snap shot by Mikkel Boedker.
12:49 of 2nd period - Shot Blocked by Erik Gudbranson.
12:51 of 2nd period - Snap shot by Bryan Little.
12:51 of 2nd period - Stopped by Antti Niemi with a rebound.
12:53 of 2nd period - Slapshot by Johnny Boychuk.
12:53 of 2nd period - Stopped by Antti Niemi without a rebound.
12:54 of 2nd period - Paul Stastny wins face-off versus Tomas Kopecky in Panthers zone.
12:55 of 2nd period - Wrist shot by Andrei Kostitsyn.
12:55 of 2nd period - Shot Misses the Net.
13:19 of 2nd period - Eric Wellwood is hit by Greg Campbell and loses puck.
14:20 of 2nd period - Slapshot by Pernell Karl Subban.
14:20 of 2nd period - Shot Misses the Net.
14:26 of 2nd period - Slapshot by Radko Gudas.
14:26 of 2nd period - Stopped by Semyon Varlamov without a rebound.
14:27 of 2nd period - Greg Campbell wins face-off versus Erik Christensen in Avalanche zone.
14:29 of 2nd period - Minor Penalty to Andrew Ladd for Hooking.
14:30 of 2nd period - Erik Christensen wins face-off versus Greg Campbell in Avalanche zone.
14:32 of 2nd period - Wrist shot by Erik Christensen.
14:32 of 2nd period - Shot Misses the Net.
14:34 of 2nd period - Snap shot by Alex Galchenyuk.
14:34 of 2nd period - Shot Blocked by Marc Staal.
14:36 of 2nd period - Snap shot by Erik Christensen.
14:36 of 2nd period - Goal by Erik Christensen - Avalanche : 0 - Panthers : 3.
14:37 of 2nd period - Erik Christensen wins face-off versus Mikkel Boedker in neutral zone.
14:39 of 2nd period - Off-side.
14:40 of 2nd period - Erik Christensen wins face-off versus Bryan Little in neutral zone.
14:43 of 2nd period - Patric Hornqvist is hit by Alex Galchenyuk.
14:55 of 2nd period - Slapshot by Mikkel Boedker.
14:55 of 2nd period - Stopped by Antti Niemi with a rebound.
14:57 of 2nd period - Snap shot by Bryan Little.
14:57 of 2nd period - Goal by Bryan Little - Avalanche : 1 - Panthers : 3.
14:58 of 2nd period - Erik Christensen wins face-off versus Paul Stastny in neutral zone.
15:07 of 2nd period - Wrist shot by Drew Stafford.
15:07 of 2nd period - Stopped by Semyon Varlamov with a rebound.
15:48 of 2nd period - Wrist shot by Bryan Little.
15:48 of 2nd period - Shot Blocked by Kyle Clifford.
15:50 of 2nd period - Slapshot by Mikkel Boedker.
15:50 of 2nd period - Goal by Mikkel Boedker - Avalanche : 2 - Panthers : 3.
15:51 of 2nd period - Paul Stastny wins face-off versus Jean-Gabriel Pageau in neutral zone.
16:00 of 2nd period - Erik Gudbranson is hit by Jack Johnson and loses puck.
16:35 of 2nd period - Minor Penalty to Mike Weber for Holding.
16:36 of 2nd period - Patric Hornqvist wins face-off versus Erik Christensen in Panthers zone.
17:13 of 2nd period - Snap shot by Andrei Kostitsyn.
17:13 of 2nd period - Deflect By Alexander Radulov.
17:13 of 2nd period - Stopped by Antti Niemi without a rebound.
17:14 of 2nd period - Bryan Little wins face-off versus Jean-Gabriel Pageau in Panthers zone.
17:29 of 2nd period - Slapshot by Bryan Little.
17:29 of 2nd period - Stopped by Antti Niemi with a rebound.
17:31 of 2nd period - Snap shot by Mikkel Boedker.
17:31 of 2nd period - Shot Misses the Net.
17:41 of 2nd period - Kyle Clifford is hit by Marc Staal and loses puck.
18:16 of 2nd period - Snap shot by Drew Stafford.
18:16 of 2nd period - Shot Blocked by Jack Johnson.
18:35 of 2nd period - Penalty to Mike Weber is over, Mike Weber is back on ice.
18:44 of 2nd period - Wrist shot by Patrick Eaves.
18:44 of 2nd period - Stopped by Semyon Varlamov without a rebound.
18:45 of 2nd period - Greg Campbell wins face-off versus Cédric Lalonde-McNicoll in Avalanche zone.
19:12 of 2nd period - Wrist shot by Brandon Yip.
19:12 of 2nd period - Shot Misses the Net.
19:14 of 2nd period - Snap shot by Brandon Yip.
19:14 of 2nd period - Shot Blocked by William Colbert.
19:16 of 2nd period - Backhand shot by Greg Campbell.
19:16 of 2nd period - Shot Blocked by Patrick Eaves.
19:18 of 2nd period - Slapshot by Jay Bouwmeester.
19:18 of 2nd period - Stopped by Antti Niemi with a rebound.
19:20 of 2nd period - Slapshot by Marc Staal.
19:20 of 2nd period - Stopped by Antti Niemi with a rebound.
19:22 of 2nd period - Slapshot by Marc Staal.
19:22 of 2nd period - Stopped by Antti Niemi without a rebound.
19:23 of 2nd period - Erik Christensen wins face-off versus Paul Stastny in Panthers zone.
19:54 of 2nd period - Slapshot by Jonathan Matsumoto.
19:54 of 2nd period - Stopped by Semyon Varlamov without a rebound.
19:55 of 2nd period - Bryan Little wins face-off versus Daniel Sedin in Avalanche zone.
Goals for this period are 2 for Avalanche vs 1 for Panthers.
Shots for this period are 21 for Avalanche vs 11 for Panthers.
3rd period
0:01 of 3rd period - Erik Christensen wins face-off versus Bryan Little in neutral zone.
0:13 of 3rd period - Off-side.
0:14 of 3rd period - Jean-Gabriel Pageau wins face-off versus Paul Stastny in neutral zone.
0:14 of 3rd period - Jean-Gabriel Pageau is hit by Andrei Kostitsyn.
0:20 of 3rd period - Slapshot by Kyle Clifford.
0:20 of 3rd period - Shot Blocked by Alexander Radulov.
0:22 of 3rd period - Slapshot by Mike Komisarek.
0:22 of 3rd period - Stopped by Semyon Varlamov without a rebound.
0:23 of 3rd period - Jean-Gabriel Pageau wins face-off versus Paul Stastny in Avalanche zone.
0:40 of 3rd period - Slapshot by Kyle Clifford.
0:40 of 3rd period - Stopped by Semyon Varlamov without a rebound.
0:41 of 3rd period - Bryan Little wins face-off versus Erik Christensen in Avalanche zone.
1:15 of 3rd period - Slapshot by Jonathan Sigalet.
1:15 of 3rd period - Stopped by Semyon Varlamov without a rebound.
1:16 of 3rd period - Erik Christensen wins face-off versus Bryan Little in Avalanche zone.
1:19 of 3rd period - Wrist shot by Erik Christensen.
1:19 of 3rd period - Shot Misses the Net.
1:41 of 3rd period - Tomas Kopecky is hit by Andrei Kostitsyn and loses puck.
2:08 of 3rd period - Snap shot by Eric Wellwood.
2:08 of 3rd period - Stopped by Semyon Varlamov without a rebound.
2:09 of 3rd period - Erik Christensen wins face-off versus Bryan Little in Avalanche zone.
2:14 of 3rd period - Snap shot by Erik Christensen.
2:14 of 3rd period - Stopped by Semyon Varlamov with a rebound.
2:19 of 3rd period - Minor Penalty to Jay Bouwmeester for Tripping.
2:20 of 3rd period - Andrew Ladd wins face-off versus Alex Galchenyuk in Avalanche zone.
2:48 of 3rd period - Icing by Tomas Kopecky.
2:49 of 3rd period - Andrew Ladd wins face-off versus Tomas Kopecky in Panthers zone.
3:24 of 3rd period - Wrist shot by Kyle Clifford.
3:24 of 3rd period - Shot Blocked by Johnny Boychuk.
4:14 of 3rd period - Erik Christensen is hit by Pernell Karl Subban and loses puck.
4:19 of 3rd period - Penalty to Jay Bouwmeester is over, Jay Bouwmeester is back on ice.
4:53 of 3rd period - Slapshot by Alexander Perezhogin.
4:53 of 3rd period - Stopped by Semyon Varlamov without a rebound.
4:54 of 3rd period - Jonathan Matsumoto wins face-off versus Bryan Little in Avalanche zone.
5:01 of 3rd period - Wrist shot by Daniel Sedin.
5:01 of 3rd period - Shot Hit the Post.
5:03 of 3rd period - Slapshot by Mike Weber.
5:03 of 3rd period - Stopped by Semyon Varlamov without a rebound.
5:04 of 3rd period - Erik Christensen wins face-off versus Patric Hornqvist in Avalanche zone.
5:05 of 3rd period - Slapshot by Drew Stafford.
5:05 of 3rd period - Stopped by Semyon Varlamov without a rebound.
5:06 of 3rd period - Paul Stastny wins face-off versus Erik Christensen in Avalanche zone.
5:06 of 3rd period - Paul Stastny is hit by Drew Stafford.
5:16 of 3rd period - Slapshot by Paul Stastny.
5:16 of 3rd period - Shot Misses the Net.
5:18 of 3rd period - Slapshot by Pernell Karl Subban.
5:18 of 3rd period - Deflect By Andrei Kostitsyn.
5:18 of 3rd period - Shot Blocked by Erik Gudbranson.
5:18 of 3rd period - Puck is out of play.
5:19 of 3rd period - Paul Stastny wins face-off versus Erik Christensen in Panthers zone.
5:23 of 3rd period - Minor Penalty to Erik Christensen for Elbowing.
5:24 of 3rd period - Bryan Little wins face-off versus Alexander Perezhogin in Panthers zone.
5:26 of 3rd period - Wrist shot by Patric Hornqvist.
5:26 of 3rd period - Shot Blocked by Drew Stafford.
5:34 of 3rd period - Snap shot by Mikkel Boedker.
5:34 of 3rd period - Stopped by Antti Niemi with a rebound.
5:36 of 3rd period - Slapshot by Jay Bouwmeester.
5:36 of 3rd period - Shot Misses the Net.
5:38 of 3rd period - Slapshot by Jay Bouwmeester.
5:38 of 3rd period - Shot Misses the Net.
5:40 of 3rd period - Wrist shot by Bryan Little.
5:40 of 3rd period - Stopped by Antti Niemi without a rebound.
5:41 of 3rd period - Bryan Little wins face-off versus Alexander Perezhogin in Panthers zone.
5:44 of 3rd period - Wrist shot by Bryan Little.
5:44 of 3rd period - Shot Hit the Post.
7:01 of 3rd period - Radko Gudas is hit by Paul Stastny and loses puck.
7:23 of 3rd period - Penalty to Erik Christensen is over, Erik Christensen is back on ice.
7:36 of 3rd period - Snap shot by Andrew Ladd.
7:36 of 3rd period - Stopped by Antti Niemi with a rebound.
7:53 of 3rd period - Minor Penalty to Dan Boyle for Cross-checking.
7:54 of 3rd period - Andrew Ladd wins face-off versus Jean-Gabriel Pageau in Avalanche zone.
8:05 of 3rd period - Pernell Karl Subban is hit by Tomas Kopecky.
9:53 of 3rd period - Penalty to Dan Boyle is over, Dan Boyle is back on ice.
10:26 of 3rd period - Marc Staal is hit by William Colbert and loses puck.
10:39 of 3rd period - Patric Hornqvist is hit by Mike Weber and loses puck.
10:58 of 3rd period - Wrist shot by Chuck Kobasew.
10:58 of 3rd period - Stopped by Antti Niemi without a rebound.
10:59 of 3rd period - Erik Christensen wins face-off versus Bryan Little in Panthers zone.
11:06 of 3rd period - Wrist shot by Alex Galchenyuk.
11:06 of 3rd period - Stopped by Semyon Varlamov with a rebound.
11:08 of 3rd period - Backhand shot by William Colbert.
11:08 of 3rd period - Stopped by Semyon Varlamov without a rebound.
11:09 of 3rd period - Bryan Little wins face-off versus Erik Christensen in Avalanche zone.
11:24 of 3rd period - Wrist shot by Drew Stafford.
11:24 of 3rd period - Shot Blocked by Jack Johnson.
11:26 of 3rd period - Slapshot by Mike Weber.
11:26 of 3rd period - Deflect By Bryan Little.
11:26 of 3rd period - Stopped by Semyon Varlamov without a rebound.
11:27 of 3rd period - Jean-Gabriel Pageau wins face-off versus Andrew Ladd in Avalanche zone.
11:46 of 3rd period - Jean-Gabriel Pageau is hit by Greg Campbell.
12:41 of 3rd period - Slapshot by Mike Komisarek.
12:41 of 3rd period - Shot Blocked by Dan Boyle.
12:43 of 3rd period - Snap shot by Mike Komisarek.
12:43 of 3rd period - Stopped by Semyon Varlamov with a rebound.
12:45 of 3rd period - Wrist shot by Alexander Perezhogin.
12:45 of 3rd period - Goal by Alexander Perezhogin - Avalanche : 2 - Panthers : 4.
12:46 of 3rd period - Erik Christensen wins face-off versus Paul Stastny in neutral zone.
12:46 of 3rd period - Erik Christensen is hit by Andrei Kostitsyn.
13:08 of 3rd period - Minor Penalty to Andrei Kostitsyn for Holding.
13:09 of 3rd period - Erik Christensen wins face-off versus Andrew Ladd in Avalanche zone.
15:08 of 3rd period - Penalty to Andrei Kostitsyn is over, Andrei Kostitsyn is back on ice.
16:11 of 3rd period - Alexander Radulov is hit by Erik Gudbranson.
16:22 of 3rd period - Erik Gudbranson is hit by Mikkel Boedker and loses puck.
17:43 of 3rd period - William Colbert is hit by Mikkel Boedker and loses puck.
17:53 of 3rd period - Minor Penalty to Andrei Kostitsyn for Holding.
17:54 of 3rd period - Erik Christensen wins face-off versus Andrew Ladd in Avalanche zone.
18:24 of 3rd period - Marc Staal is hit by Jean-Gabriel Pageau and loses puck.
18:45 of 3rd period - Johnny Boychuk is hit by Drew Stafford and loses puck.
19:53 of 3rd period - Penalty to Andrei Kostitsyn is over, Andrei Kostitsyn is back on ice.
Goals for this period are 0 for Avalanche vs 1 for Panthers.
Shots for this period are 4 for Avalanche vs 13 for Panthers.
Back to the Top